 Dungeon Crawl Stone Soup version 0.27-a0-1220-g54dba09ff7 (webtiles) character file.

Game seed: 15975314043812748960

318 Delamore the Shield-Bearer (level 6, -7/50 HPs)
             Began as a Formicid Fighter on June 7, 2021.
             Was an Initiate of Okawaru.
             Splashed by a jelly's acid (10 damage)
             ... on level 3 of the Dungeon.
             The game lasted 00:03:21 (2895 turns).

Delamore the Shield-Bearer (Formicid Fighter)       Turns: 2895, Time: 00:03:22

Health: -7/50      AC: -13   Str: 22    XL:     6   Next: 74%
Magic:  6/6        EV:  8    Int:  8    God:    Okawaru [......]
Gold:   99         SH: 10    Dex: 10    Spells: 5/5 levels left

rFire    . . .     SeeInvis +   a - +0 trident
rCold    . . .     Faith    .   c - +0 kite shield
rNeg     . . .     Spirit   .   b - +0 scale mail
rPois    .         Reflect  .   (helmet unavailable)
rElec    .         Harm     .   (no cloak)
rCorr    .         Rampage  .   (no gloves)
Will     .....                  (no boots)
Stlth    ..........             (no amulet)
HPRegen  0.16/turn              (no ring)
MPRegen  0.10/turn              (no ring)

@: corroded
A: permanent stasis, dig shafts and tunnels, antennae 3, four strong arms
a: Dig, Shaft Self, Renounce Religion


You were on level 3 of the Dungeon.
You worshipped Okawaru.
Okawaru was noncommittal.
You visited 1 branch of the dungeon, and saw 3 of its levels.

You collected 99 gold pieces.

Inventory:

Hand Weapons
 a - a +0 trident (weapon)
Missiles
 j - 9 poisoned darts
Armour
 b - a +0 scale mail (worn)
 c - a +0 kite shield (worn)
Potions
 d - a potion of might
 e - a potion of ambrosia {unknown}
 f - a potion of degeneration {unknown}
 g - a potion of berserk rage {unknown}
 h - 2 potions of attraction
 i - a potion of resistance {unknown}
 k - 2 potions of curing {unknown}
 m - a potion of lignification {unknown}


   Skills:
 + Level 4.8 Fighting
 * Level 4.9 Polearms
 - Level 3.2 Armour
 + Level 5.1 Shields


You had 5 spell levels left.
You didn't know any spells.
Your spell library was empty.

Dungeon Overview and Level Annotations

Branches:
Dungeon (3/15)

Altars:
Nemelex Xobeh
Okawaru


Innate Abilities, Weirdness & Mutations

You cannot be hasted, slowed, berserked, paralysed or teleported.
You can dig through walls and to a lower floor.
You have a pair of large antennae on your head. (SInv)
Your four strong arms can wield two-handed weapons with a shield.


Message History

The jelly hits you but does no damage.
No target in view!
The jelly hits you. The acid corrodes you!
You are splashed with acid!
You hit the jelly.
Your hands burn!
The jelly is almost dead.
You block the jelly's attack.
You hit the jelly but do no damage.
Your hands burn!
The jelly is almost dead.
The jelly hits you. The acid corrodes you!
You are splashed with acid!
You are too injured to fight recklessly!
You are too injured to fight recklessly!
You are too injured to fight recklessly!
You are too injured to fight recklessly!
You are too injured to fight recklessly!
You are too injured to fight recklessly!
You are too injured to fight recklessly!
You are too injured to fight recklessly!
You are too injured to fight recklessly!
You are too injured to fight recklessly!
You are too injured to fight recklessly!
You are too injured to fight recklessly!
You are too injured to fight recklessly!
You hit the jelly but do no damage.
Your hands burn!
The jelly is almost dead.
The jelly barely misses you.
You hit the jelly but do no damage. The acid corrodes you!
Your hands burn!
* * * LOW HITPOINT WARNING * * *
The jelly is almost dead.
The jelly hits you.
* * * LOW HITPOINT WARNING * * *
The acid corrodes you!
You are splashed with acid.
* * * LOW HITPOINT WARNING * * *
You hit the jelly but do no damage.
Your hands burn!
* * * LOW HITPOINT WARNING * * *
The jelly is almost dead.
The jelly jiggles.
The jelly hits you.
* * * LOW HITPOINT WARNING * * *
You are splashed with acid!
You die...

##)''##)##
##)).####
##.....##
#...(...#
#.......#
{
#.......#
#.......#
####....#
##J@'....#
{
#J########
##..J...##
#######'#
.{{.J..÷.#
{
........÷#
....{..{.#
.P{{÷..P÷#
.J.÷.J..÷#


You could see a jelly and an endoplasm.

Vanquished Creatures
  Sigmund (D:2)
  A jelly (D:3)
  Natasha (D:3)
  4 adders (D:2)
  3 worms
  3 dart slugs
  6 ball pythons
  4 bats
  5 endoplasms
  4 goblins
  5 hobgoblins
  7 jackals
  4 quokkas
  A frilled lizard (D:2)
  9 kobolds
  3 rats
61 creatures vanquished.

Vanquished Creatures (others)
  9 fungi (D:3)
  6 plants
  7 toadstools (D:3)
22 creatures vanquished.

Grand Total: 83 creatures vanquished

Notes
Turn   | Place    | Note
-------+----------+-------------------------------------------
     0 | D:1      | Delamore the Formicid Fighter began the quest for the Orb.
     0 | D:1      | Reached XP level 1. HP: 18/18 MP: 1/1
   106 | D:1      | Found a faded altar of an unknown god.
   170 | D:1      | Became a worshipper of Nemelex Xobeh the Trickster
   170 | D:1      | Reached * piety under Nemelex Xobeh
   179 | D:1      | Reached XP level 2. HP: 17/24 MP: 2/2
   642 | D:1      | Received a gift from Nemelex Xobeh
   755 | D:1      | Reached XP level 3. HP: 29/29 MP: 3/3
  1170 | D:2      | Reached skill level 4 in Shields
  1283 | D:2      | Reached XP level 4. HP: 11/37 MP: 4/4
  1552 | D:2      | Noticed Sigmund
  1801 | D:2      | Reached ** piety under Nemelex Xobeh
  2219 | D:2      | Killed Sigmund
  2220 | D:2      | Reached skill level 5 in Shields
  2220 | D:2      | Reached XP level 5. HP: 43/43 MP: 5/5
  2220 | D:2      | Reached XP level 6. HP: 49/49 MP: 6/6
  2276 | D:3      | Found an iron altar of Okawaru.
  2297 | D:3      | Received a gift from Nemelex Xobeh
  2317 | D:3      | Fell from the grace of Nemelex Xobeh
  2317 | D:3      | Became a worshipper of Warmaster Okawaru
  2397 | D:3      | Noticed Natasha
  2409 | D:3      | Killed Natasha
  2895 | D:3      | Splashed by a jelly's acid

Illustrated notes

Levels and vault maps discovered:
D:1:      minmay_arrival_jagged, layout_loops_ring,
          shapermc_ecumenical_altar_gd, minmay_misc_feat_ornament
D:2:      layout_loops_cross, minmay_door_square, minmay_pentomino_x4,
          uniq_sigmund
D:3:      cheibrodos_fertilizer, layout_basic, led_sif_book, marbit_many_paths,
          serial_forest, infiniplex_forest_clump_tiny,
          infiniplex_forest_lined_2, infiniplex_forest_straight_5,
          infiniplex_forest_clump_double, infiniplex_forest_clump_double,
          infiniplex_forest_lined_corner, hangedman_decor_peaks_small,
          uniq_jessica, uniq_crazy_yiuf_cottage, uniq_natasha

Skill      XL: |  1  2  3  4 |
---------------+-------------+-----
Shields        | 4 5 |  5.1
Polearms       | 3 4 |  4.9
Fighting       | 4 |  4.8
Armour         | |  3.2

Action                   |  1- 3 |  4- 6 || total
-------------------------+-------+-------++-------
Melee: Trident           |    87 |   144 ||   231
 Abil: Dig               |       |     4 ||     4
  Use: Scroll            |     2 |     3 ||     5
       Potion            |       |     1 ||     1
Armor: Scale mail        |    24 |    50 ||    74
Dodge: Dodged            |    17 |    50 ||    67
Block: Kite shield       |    33 |    76 ||   109

Table legend: (Time is in decaauts)
 A = Elapsed time spent in this place.
 B = Non-inter-level travel time spent in this place.
 C = Inter-level travel time spent in this place.
 D = Time resting spent in this place.
 E = Time spent auto-exploring this place.
 F = Levels seen in this place.
 G = Mean time per level.
                   A        B        C        D        E       F      G
               +--------+--------+--------+--------+--------+-----+--------+
         Total |   2962 |   2871 |     91 |    670 |   1617 |   3 |  987.3 |
       Dungeon |   2962 |   2871 |     91 |    670 |   1617 |   3 |  987.3 |
               +--------+--------+--------+--------+--------+-----+--------+

Top non-repeatable levels by time:
     D:1: 1286 daAuts
     D:2: 942 daAuts
     D:3: 733 daAuts
